 Dungeon Crawl Stone Soup version 0.30-a0-939-gc8157cb160 (webtiles) character file.

Game seed: 7493101221644780027

25 Jeffwins the Ducker (level 3, -3/26 HPs)
             Began as a Human Wanderer on Mar 26, 2023.
             Slain by an adder (4 damage)
             ... on level 1 of the Dungeon.
             The game lasted 00:02:11 (787 turns).

Jeffwins the Ducker (Human Wanderer)                 Turns: 787, Time: 00:02:12

Health: -3/26      AC:  4    Str:  7 (10) XL:     3   Next: 17%
Magic:  1/5        EV: 12    Int: 13 (14) God:
Gold:   82         SH:  0    Dex: 12 (14) Spells: 0/4 levels left

rFire   . . .      SeeInvis .    f - +0 dagger
rCold   . . .      Faith    .    (no shield)
rNeg    . . .      Spirit   .    h - +0 leather armour
rPois   .          Reflect  .    (no helmet)
rElec   .          Rampage  .    (no cloak)
rCorr   .                        (no gloves)
Will    .....                    b - +0 pair of boots
Stlth   +                        (no amulet)
HPRegen 0.24/turn                (no ring)
MPRegen 0.09/turn                (no ring)

@: lethally poisoned (-3 -> -8), very slightly contaminated
A: no striking features
a: no special abilities


You were on level 1 of the Dungeon.
You visited 1 branch of the dungeon, and saw 2 of its levels.

You collected 82 gold pieces.


   Skills:
 - Level 1.0 Fighting
 + Level 2.2 Short Blades
 * Level 0.0 Staves
 - Level 3.0 Dodging
 + Level 0.5 Stealth
 * Level 1.4 Spellcasting
 * Level 1.0 Transmutations
 * Level 0.5 Ice Magic
 * Level 2.3 Poison Magic
 + Level 1.0 Evocations


You couldn't memorise any spells.
You knew the following spells:

 Your Spells              Type           Power      Damage    Failure   Level
z - Sting                 Tmut/Pois      20%        1d4       21%         1
X - Frozen Ramparts       Ice            4%         1d1       69%         3

Your spell library contained the following spells:

 Spells                   Type           Power      Damage    Failure   Level
 Freeze                   Ice            8%         1d3       32%         1
 Ignite Poison            Fire/Tmut/Pois 3%         N/A       61%         3
 Mephitic Cloud           Conj/Pois/Air  2%         N/A       65%         3
 Hailstorm                Conj/Ice       1%         3d3       73%         3

Inventory:

Hand Weapons
 a - a +0 short sword
 f - a +0 dagger (weapon)
Armour
 b - a +0 pair of boots (worn)
 d - a +0 robe
 h - a +0 leather armour (worn)
Magical Staves
 l - a staff of poison
Jewellery
 F - a ring of fire
Scrolls
 c - a scroll of silence {!r}
 e - a scroll of magic mapping {unknown}
 i - a scroll of summoning {unknown}
 j - 2 scrolls of identify {unknown}
Potions
 g - a potion of degeneration {!q}

Dungeon Overview and Level Annotations

Branches:
Dungeon (2/15)

Altars:

..#.......#.###.............## #.
..#...###.#.# #.....#.....#..####
..#.#...#...###.....#####..#...##
..#.###.#.....#.....# ##.......
....###.........##.## #####...
.......#......####.## ####
..#.##..............####
#.#............####....##
#...........##.S@###....## #
....###....#####.# #.....########
##...###....####.###.........##..
##..#...##...##..##....####.)..#
##...)............##............#
#.....)...........##....#######..
#.................##....# ##)
..................##...[# ##
..............>..###....# #


You could see an adder (poisoned).


Message History

Aiming: Sting (safe; 21% risk of failure)
Press: ? - help, Shift-Dir - straight line, f - adder
Aim: an adder (lightly wounded, 48% to hit)
The sting misses the adder.
The adder barely misses you.
Unknown command.
Unknown command.
Casting: Sting (safe; 21% risk of failure)
Confirm with . or Enter, or press ? or * to list all spells.
Aiming: Sting (safe; 21% risk of failure)
Press: ? - help, Shift-Dir - straight line, f/p - adder
Aim: an adder (lightly wounded, 48% to hit)
The sting hits the adder.
The adder is poisoned.
The adder is moderately wounded.
The adder bites you.
* * * LOW HITPOINT WARNING * * *
You are lethally poisoned!
The adder poisons you!
Unknown command.
Unknown command.
Casting: Sting (safe; 21% risk of failure)
Confirm with . or Enter, or press ? or * to list all spells.
Aiming: Sting (safe; 21% risk of failure)
Press: ? - help, Shift-Dir - straight line, f/p - adder
Aim: an adder (moderately wounded, poisoned, 48% to hit)
You miscast Sting.
You are very lightly contaminated with residual magic.
Nothing appears to happen.
* * * LOW HITPOINT WARNING * * *
You feel sick. The adder closely misses you. The adder bites you.
You die...

Skill      XL: |  1  2 |
---------------+-------+-----
Transmutations | 1 |  1.0
Fighting       | |  1.0
Short Blades   | |  2.2
Dodging        | |  3.0
Stealth        | |  0.5
Spellcasting   | |  1.4
Ice Magic      | |  0.5
Poison Magic   | |  2.3
Evocations     | |  1.0

Action                     || total
---------------------------++-------
  Melee: Short sword       ||    18
         Dagger            ||   100
         Punch             ||     1
   Cast: Sting             ||     2
    Use: Potion            ||     2
 Armour: Robe              ||    10
         Leather armour    ||    36
  Dodge: Dodged            ||    80

Levels and vault maps discovered:
D:1:      ncdulo_wetmaze, layout_rooms, minivault_27
D:2:      layout_basic, uniq_natasha, uniq_terence, uniq_robin

Notes
Turn   | Place    | Note
-------+----------+-------------------------------------------
     0 | D:1      | Jeffwins the Human Wanderer began the quest for the Orb.
     0 | D:1      | Jeffwins set off with the following items: a +0 short
                  | sword, a +0 pair of boots, a scroll of silence {!r}, a +0
                  | robe; and the following spell memorised: Sting; and the
                  | following spells available to memorise: Ignite Poison,
                  | Mephitic Cloud.
     0 | D:1      | Reached XP level 1. HP: 15/15 MP: 2/2
   163 | D:1      | Reached XP level 2. HP: 16/21 MP: 3/3
   447 | D:1      | Reached skill level 1 in Transmutations
   533 | D:1      | Reached XP level 3. HP: 26/26 MP: 5/5
   537 | D:1      | Learned a level 3 spell: Frozen Ramparts
   787 | D:1      | HP: 1/26 [poisoned by an adder]
   787 | D:1      | Slain by an adder

Vanquished Creatures
  2 endoplasms (D:1)
  2 giant cockroaches
  A hobgoblin (D:2)
  2 quokkas (D:1)
  5 ball pythons (D:1)
  2 bats (D:1)
  3 goblins (D:1)
  4 kobolds (D:1)
  A rat (D:1)
22 creatures vanquished.

Table legend: (Time is in decaauts)
 A = Elapsed time spent in this place.
 B = Non-inter-level travel time spent in this place.
 C = Inter-level travel time spent in this place.
 D = Time resting spent in this place.
 E = Time spent auto-exploring this place.
 F = Levels seen in this place.
 G = Mean time per level.
                   A        B        C        D        E       F      G
               +--------+--------+--------+--------+--------+-----+--------+
         Total |    780 |    744 |     36 |      4 |    489 |   2 |  390.0 |
       Dungeon |    780 |    744 |     36 |      4 |    489 |   2 |  390.0 |
               +--------+--------+--------+--------+--------+-----+--------+

Top non-repeatable levels by time:
     D:1: 735 daAuts
     D:2: 44 daAuts

Table legend:
 A = Non-vault XP
 B = Vault XP
 C = Vault XP percentage of total XP
 D = Non-vault monster count
 E = Vault monster count
 F = Vault count percentage of total count
                 A         B        C        D         E       F
            +---------+---------+-------+---------+---------+-------
      Total |      36 |       0 |   0.0 |      22 |       0 |   0.0
            +---------+---------+-------+---------+---------+-------
        D:1 |      32 |       0 |   0.0 |      20 |       0 |   0.0
        D:2 |       4 |       0 |   0.0 |       2 |       0 |   0.0
            +---------+---------+-------+---------+---------+-------
